 Dungeon Crawl Stone Soup version 0.19.1-1-g22dce08 (webtiles) character file.

521 HEYYEYAAE the Magician (level 7, 57/57 HPs)
             Began as a Red Draconian Ice Elementalist on Jan 7, 2017.
             Got out of the dungeon alive.
             The game lasted 00:05:26 (3532 turns).

HEYYEYAAE the Magician (DrIE)                       Turns: 3532, Time: 00:05:27

Health: 57/57      AC:  9    Str: 10    XL:     7   Next: 1%
Magic:  13/13      EV: 13    Int: 17    God:
Gold:   119        SH:  0    Dex: 12    Spells: 1 memorised, 13 levels left

rFire  + . .     SeeInvis .     h - +2 dagger (speed)
rCold  . . .     Gourm    .     (armour unavailable)
rNeg   . . .     Faith    .     (no shield)
rPois  .         Spirit   .     (helmet restricted)
rElec  .         Reflect  .     A - +2 cloak
rCorr  +         Harm     .     (no gloves)
MR     .....                    (no boots)
Stlth  ++........               (no amulet)
                                (no ring)
                                s - ring of resist corrosion

@: no status effects
A: breathe fire, unfitting armour, fire resistance 1, cold-blooded, AC +6
a: Breathe Fire


You escaped.
You were not hungry.

You visited 2 branches of the dungeon, and saw 5 of its levels.

You collected 119 gold pieces.

Inventory:

Hand Weapons
 h - a +2 dagger of speed (weapon)
 v - a +2 whip of venom
Missiles
 q - 18 bolts
Armour
 A - a +2 cloak (worn)
Jewellery
 s - a ring of resist corrosion (left hand)
Wands
 e - a wand of hasting (7/9)
 j - a wand of polymorph (14/24)
 t - a wand of flame (16/48)
Scrolls
 c - a scroll of enchant weapon {unknown}
 d - 2 scrolls of remove curse {unknown}
 g - 4 scrolls of identify {unknown}
 m - a scroll of immolation {unknown}
 o - a scroll of fog {unknown}
 r - 4 scrolls of recharging {unknown}
 y - a scroll of random uselessness {unknown}
Potions
 k - a potion of degeneration {unknown}
 n - a potion of lignification {unknown}
 p - a potion of flight {unknown}
 u - a potion of brilliance {unknown}
 w - a potion of curing {unknown}
 x - a potion of haste {unknown}
Books
 a - a book of Frost

   Spells                             Type                      Level
   a - Freeze                         Ice                          1
   b - Throw Frost                    Conjuration/Ice              2
   c - Ozocubu's Armour               Charms/Ice                   3
   d - Throw Icicle                   Conjuration/Ice              4
   e - Summon Ice Beast               Ice/Summoning                4
Comestibles
 b - 3 bread rations
 f - 2 meat rations
 i - 4 fruits


   Skills:
 + Level 3.4 Fighting
 + Level 3.0 Dodging
 - Level 1.7 Stealth
 * Level 4.3 Spellcasting
   Level 1.0 Conjurations
 * Level 4.1 Ice Magic


You had 13 spell levels left.
You knew the following spells:

 Your Spells              Type           Power        Failure   Level  Hunger
a - Freeze                Ice            ###.         2%          1    None


Dungeon Overview and Level Annotations

Branches:
Dungeon (4/15)             Temple (1/1) D:4

Altars:
Ashenzari
Cheibriados
Elyvilon
Fedhas
Hepliaklqana
Makhleb
Nemelex Xobeh
Ru
Sif Muna
Trog
Vehumet
Zin
The Shining One
Jiyva


Innate Abilities, Weirdness & Mutations

You can breathe blasts of fire.
Your fiery red scales are hard. (AC +6)
You cannot fit into any form of body armour.
Your flesh is heat resistant. (rF+)
You are cold-blooded and may be slowed by cold attacks.


Message History

No target in view!
No target in view!
No target in view!
No target in view!
No target in view!
No target in view!
No target in view!
No target in view!
No target in view!
You see here a rat corpse.
You butcher the rat corpse.
l - a chunk of flesh You see here a rat skeleton.
You start resting.
Eating a chunk of flesh.
You start eating the chunk of flesh.
This raw flesh tastes terrible.
HP restored.
There is a staircase leading out of the dungeon here.
Are you sure you want to leave the Dungeon?
This will make you lose the game!
You have escaped!

#.#.............##.....
#....###...###...#.....
#....#......>#...#.....
#....#.......#...#.....
#.#...รท.........##.....
#.#......#......#####'#
#.#.............###....
#....#.......#....#....
##...#@......#.........
#...###...###...##....
##.............#......
#.............#......
###...###...###......
##### ##### #......
#...... #...... #......


There were no monsters in sight!

Vanquished Creatures
  The ghost of Paps the Gusty, an amateur TeAE (D:3)
  A phantom (D:4)
  A hound (Temple)
  Jessica (D:2)
  Terence (D:2)
  A worker ant (D:4)
  Robin (D:2)
  8 gnolls
  3 adders
  2 oozes
  2 worms
  A dart slug (D:1)
  3 leopard geckos
  4 orcs
  4 giant cockroaches
  16 goblins
  10 hobgoblins
  4 jackals
  A quokka (D:4)
  A ball python (D:1)
  8 bats
  4 frilled lizards
  7 kobolds
  5 rats
90 creatures vanquished.

Notes
Turn   | Place    | Note
-------+----------+-------------------------------------------
     0 | D:1      | HEYYEYAAE the Draconian Ice Elementalist began the quest for the Orb.
     0 | D:1      | Reached XP level 1. HP: 14/14 MP: 3/3
   584 | D:2      | Noticed Terence
   599 | D:2      | Killed Terence
   599 | D:2      | Reached XP level 2. HP: 13/22 MP: 0/5
   599 | D:2      | Reached XP level 3. HP: 16/27 MP: 0/6
   698 | D:2      | Noticed Jessica
   713 | D:2      | Killed Jessica
   713 | D:2      | Reached skill level 1 in Fighting
   856 | D:2      | Noticed Robin
  1108 | D:1      | Reached XP level 4. HP: 29/36 MP: 2/8
  1712 | D:2      | Killed Robin
  1797 | D:2      | Found a faded altar of an unknown god.
  1980 | D:2      | Found a sacrificial altar of Ru.
  1986 | D:2      | Reached XP level 5. HP: 38/42 MP: 9/9
  2570 | D:3      | Noticed Paps's ghost (amateur TeAE)
  2631 | D:3      | Killed Paps's ghost
  2631 | D:3      | Reached XP level 6. HP: 33/50 MP: 1/11
  2784 | D:3      | Found a sparkling altar of Nemelex Xobeh.
  3139 | D:4      | Found a staircase to the Ecumenical Temple.
  3150 | Temple   | Entered the Ecumenical Temple
  3355 | D:4      | Reached skill level 5 in Ice Magic
  3355 | D:4      | Your scales start taking on a fiery red colour.
  3355 | D:4      | Reached XP level 7. HP: 27/57 MP: 13/13
  3355 | D:4      | Gained mutation: Your flesh is heat resistant. (rF+) [Red Draconian growth]
  3532 | D:$      | Got out of the dungeon alive.

Skill      XL: |  1  2  3  4  5  6 |
---------------+-------------------+-----
Dodging        | 2 3 |  3.0
Fighting       | 1 2 3 |  3.4
Spellcasting   | 3 4 |  4.3
Ice Magic      | 4 4 |  4.1
Stealth        | |  1.7
Conjurations   | |  1.0

Action                   |  1- 3 |  4- 6 |  7- 9 || total
-------------------------+-------+-------+-------++-------
Melee: Dagger            |    40 |    94 |    25 ||   159
       Unarmed           |     6 |       |       ||     6
       Tailslap          |     8 |    18 |     2 ||    28
       Whip              |       |   143 |       ||   143
 Cast: Freeze            |    17 |    33 |       ||    50
 Stab: Sleeping          |     2 |     3 |       ||     5
  Eat: Chunk             |     1 |     5 |     1 ||     7
       Pizza             |       |     1 |       ||     1
Armor: Skin              |    16 |    73 |     7 ||    96
Dodge: Dodged            |    42 |   166 |    16 ||   224
